 Dungeon Crawl Stone Soup version 0.28.0-53-g5a82cb258f (webtiles) character file.

Game seed: 15509685064620132844

3721 MiltankisOP the Purveyor of Pain (level 9, -6/65 HPs)
             Began as a Mummy Conjurer on June 24, 2022.
             Was an Initiate of Kikubaaqudgha.
             Mangled by Joseph
             ... wielding a +0 quarterstaff
              (11 damage)
             ... on level 8 of the Dungeon.
             The game lasted 00:21:06 (9588 turns).

MiltankisOP the Purveyor of Pain (Mummy Conjurer)   Turns: 9588, Time: 00:21:07

Health: -6/65      AC:  6    Str: 11    XL:     9   Next: 92%
Magic:  16/27      EV: 11    Int: 21    God:    Kikubaaqudgha [......]
Gold:   288        SH:  5    Dex: 10    Spells: 15/20 levels left

rFire   x . .      SeeInvis .   d - +3 spear
rCold   + . .      Faith    .   (no shield)
rNeg    + + +      Spirit   .   a - +0 robe
rPois   ∞          Reflect  +   s - +2 helmet
rElec   .          Harm     .   j - +0 cloak
rCorr   +          Rampage  .   (no gloves)
Will    +....                   (no boots)
Stlth   ++........              p - amulet of reflection
HPRegen 0.20/turn               b - ring of resist corrosion
MPRegen 0.20/turn               o - ring of magical power

@: no status effects
A: cold resistance 1, negative energy resistance 3, torment resistance 2, heat
vulnerability 1, no potions
a: Renounce Religion


You were on level 8 of the Dungeon.
You worshipped Kikubaaqudgha.
Kikubaaqudgha was noncommittal.
You visited 2 branches of the dungeon, and saw 9 of its levels.

You collected 288 gold pieces.

Inventory:

Hand Weapons
 d - a +3 spear (weapon)
Armour
 a - a +0 robe (worn)
 i - a +0 robe of cold resistance
 j - a +0 cloak (worn)
 s - a +2 helmet (worn)
Jewellery
 b - a ring of resist corrosion (left hand)
 o - a ring of magical power (right hand)
 p - an amulet of reflection (around neck)
 t - the ring "Bidim" {Ice Int+2}
   (You found it on level 7 of the Dungeon)

   [ring of ice]

   It enhances your ice magic.
   Int:       It affects your intelligence (+2).
   rF:        It makes you vulnerable to fire.
   rC:        It protects you from cold.
Wands
 q - a wand of iceblast (14)
 r - a wand of polymorph (4)
 v - a wand of flame (14)
Scrolls
 c - 4 scrolls of identify
 e - a scroll of holy word
 f - 2 scrolls of fog
 g - a scroll of enchant armour
 h - a scroll of enchant weapon
 k - a scroll of blinking {unknown}
 l - a scroll of immolation {unknown}
 m - a scroll of teleportation {unknown}
 n - a scroll of noise {unknown}
 u - a scroll of fear {unknown}


   Skills:
 + Level 4.2 Fighting
 - Level 1.5 Dodging
 - Level 1.5 Stealth
 - Level 6.0 Spellcasting
 - Level 6.0 Conjurations
 - Level 7.2 Necromancy
 + Level 7.1 Air Magic


You had 15 spell levels left.
You knew the following spells:

 Your Spells              Type           Power      Damage    Failure   Level
a - Magic Dart            Conj           100%       1d8       1%          1
b - Searing Ray           Conj           62%        2d6       1%          2
c - Corpse Rot            Necr/Air       72%        N/A       1%          2

Your spell library contained the following spells:

 Spells                   Type           Power      Damage    Failure   Level
 Static Discharge         Conj/Air       33%        N/A       1%          2
 Poisonous Vapours        Pois/Air       42%        N/A       3%          2
 Dazzling Flash           Conj/Hex       36%        N/A       9%          3
 Apportation              Tloc           12%        N/A       10%         1
 Lightning Bolt           Conj/Air       16%        1d30      19%         5
 Fulminant Prism          Conj/Hex       9%         3d7       28%         4
 Iskenderun's Mystic Bla  Conj/Tloc      18%        2d6       28%         4
 Petrify                  Tmut/Erth      6%         N/A       67%         4
 Alistair's Intoxication  Tmut/Pois      4%         N/A       95%         5
 Metabolic Englaciation   Hex/Ice        3%         N/A       95%         5
 Maxwell's Capacitive Co  Air            18%        ∞         100%        8
 Statue Form              Tmut/Erth      Unusable   N/A       N/A         6

Dungeon Overview and Level Annotations

Branches:
Dungeon (8/15)             Temple (1/1) D:6
   Lair: D:8-11

Altars:
Ashenzari
Cheibriados
Dithmenos
Elyvilon
Fedhas
Gozag
Kikubaaqudgha
Nemelex Xobeh
Okawaru
Qazlal
Sif Muna
Trog
Uskayaw
Xom
Zin
The Shining One

Annotations:
D:6 2 transporters
D:8 Joseph


Innate Abilities, Weirdness & Mutations

You are immune to poison.
Your flesh is cold resistant. (rC+)
You are immune to negative energy. (rN+++)
You are immune to unholy pain and torment.
You are vulnerable to heat. (rF-)
You do not drink.


Message History

Joseph is moderately wounded.
Joseph shoots a sling bullet.
The sling bullet hits you!
The searing ray misses Joseph.
You finish channelling your searing ray.
Joseph shoots a sling bullet.
The sling bullet hits you!
Casting: Searing Ray (safe; 1% risk of failure)
Confirm with . or Enter, or press ? or * to list all spells.
Aiming: Searing Ray (safe; 1% risk of failure)
Press: ? - help, Shift-Dir - straight line, f/p - Joseph
Aim: Joseph, wielding a +0 hunting sling, wearing a +0 leather armour and quivering sling bullets (moderately wounded, 79% to hit)
The searing ray hits Joseph.
Joseph is moderately wounded. (Press . to maintain the ray.) Joseph shoots a sling bullet.
The sling bullet hits you!!
* * * LOW HITPOINT WARNING * * *
The searing ray hits Joseph!
Joseph is heavily wounded.
Joseph shoots a sling bullet.
The sling bullet closely misses you.
The searing ray hits Joseph!
Joseph is heavily wounded.
Joseph shoots a sling bullet.
The sling bullet hits you!
* * * LOW HITPOINT WARNING * * *
The searing ray misses Joseph.
You finish channelling your searing ray.
Joseph shoots a sling bullet.
The sling bullet hits you.
* * * LOW HITPOINT WARNING * * *
Casting: Searing Ray (safe; 1% risk of failure)
Confirm with . or Enter, or press ? or * to list all spells.
Aiming: Searing Ray (safe; 1% risk of failure)
Press: ? - help, Shift-Dir - straight line, f/p - Joseph
Aim: Joseph, wielding a +0 hunting sling, wearing a +0 leather armour and quivering sling bullets (heavily wounded, 79% to hit)
The searing ray hits Joseph!
Joseph is severely wounded. (Press . to maintain the ray.)
The searing ray hits Joseph!
Joseph is severely wounded.
Joseph unwields a +0 hunting sling.
Joseph wields a +0 quarterstaff.
Joseph hits you with a +0 quarterstaff!
You die...
Kikubaaqudgha rasps: "You have failed me!
Welcome... oblivion!"

##.. #.#'# .##...###
'......# ##......#
#.......# #.......+
#.......# ##@.....#
......@......#
......##...#####
...... #.#'#...#+#
..... ###.......##
...#+###...........#
####.#.##.........##.#
#....).........+.!#
###..##.......##...


You could see Joseph.

Vanquished Creatures
  Erica (D:8)
  Sigmund (D:6)
  Edmund (D:6)
  2 water moccasins
  2 ice beasts
  Duvessa (D:5)
  An orc warrior (D:5)
  A sky beast (D:5)
  2 black bears
  3 ogres
  3 necrophages
  Blork the orc (D:5)
  7 scorpions
  Dowan (D:5)
  4 wights (D:7)
  2 howler monkeys
  A bullfrog zombie (D:5)
  2 hounds
  2 jellies
  A centaur skeleton (D:6)
  3 bullfrog skeletons
  2 iguanas
  Ijyb (D:5)
  Natasha (thrice) (D:2)
  An orc wizard (D:4)
  A hound zombie (D:5)
  A hound skeleton (D:5)
  Robin (D:2)
  6 adders
  5 gnolls
  A shadow imp (D:6)
  A white imp (D:7)
  An adder zombie (D:5)
  4 worms
  5 dart slugs
  11 orcs
  4 ball pythons
  6 bats
  8 endoplasms
  9 giant cockroaches
  7 hobgoblins
  6 jackals
  4 quokkas
  17 frilled lizards
  19 goblins
  8 kobolds
  5 rats
179 creatures vanquished.

Vanquished Creatures (others)
  A quokka (D:5)
  5 plants (D:6)
6 creatures vanquished.

Grand Total: 185 creatures vanquished

Notes
Turn   | Place    | Note
-------+----------+-------------------------------------------
     0 | D:1      | MiltankisOP the Mummy Conjurer began the quest for the Orb.
     0 | D:1      | Reached XP level 1. HP: 13/13 MP: 4/4
   298 | D:1      | Reached XP level 2. HP: 19/19 MP: 2/5
   848 | D:1      | Reached XP level 3. HP: 24/24 MP: 4/7
  1507 | D:2      | Noticed Natasha
  1514 | D:2      | Killed Natasha
  1515 | D:2      | Reached XP level 4. HP: 11/30 MP: 0/8
  1686 | D:2      | Noticed Robin
  1695 | D:2      | Killed Robin
  1712 | D:2      | Reached skill level 5 in Conjurations
  1799 | D:2      | Noticed Natasha
  1805 | D:2      | Killed Natasha
  1899 | D:2      | Reached XP level 5. HP: 32/35 MP: 5/9
  1983 | D:2      | Found a faded altar of an unknown god.
  2049 | D:2      | Noticed Natasha
  2055 | D:2      | Killed Natasha
  2202 | D:2      | Learned a level 2 spell: Searing Ray
  2634 | D:3      | Found an opulent altar of Gozag.
  2640 | D:3      | Found an iron altar of Okawaru.
  2644 | D:3      | Found a bloodstained altar of Trog.
  3772 | D:4      | Reached XP level 6. HP: 38/41 MP: 1/10
  4129 | D:4      | Reached skill level 5 in Spellcasting
  4876 | D:4      | Found a snail-covered altar of Cheibriados.
  4934 | D:5      | Entered Level 5 of the Dungeon
  4934 | D:5      | Noticed Ijyb
  4940 | D:5      | Killed Ijyb
  4941 | D:5      | Reached XP level 7. HP: 29/46 MP: 7/15
  5316 | D:5      | Reached skill level 1 in Necromancy
  5316 | D:5      | Reached skill level 1 in Air Magic
  5511 | D:5      | Noticed Blork the orc
  5518 | D:5      | Killed Blork the orc
  5882 | D:5      | Noticed Duvessa
  5884 | D:5      | Noticed Dowan
  5921 | D:5      | Killed Duvessa
  5922 | D:5      | Reached XP level 8. HP: 4/52 MP: 7/17
  5935 | D:5      | Killed Dowan
  6327 | D:5      | Learned a level 2 spell: Corpse Rot
  6486 | D:5      | Reached skill level 5 in Necromancy
  6729 | D:5      | Reached skill level 5 in Air Magic
  7007 | D:6      | Noticed Edmund
  7025 | D:6      | Killed Edmund
  7026 | D:6      | Reached XP level 9. HP: 13/57 MP: 2/18
  7516 | D:6      | Noticed Sigmund
  7523 | D:6      | Killed Sigmund
  7815 | D:6      | Found a transporter.
  7919 | D:6      | Found a transporter.
  8009 | D:6      | Found a staircase to the Ecumenical Temple.
  8015 | Temple   | Entered the Ecumenical Temple
  8024 | Temple   | Became a worshipper of Kikubaaqudgha
  8541 | D:7      | Reached skill level 1 in Fighting
  8820 | D:7      | Identified the ring "Bidim" {Ice Int+2}
  9383 | D:8      | Noticed Erica
  9395 | D:8      | Killed Erica
  9578 | D:8      | Noticed Joseph
  9588 | D:8      | Mangled by Joseph

Illustrated notes

Levels and vault maps discovered:
D:1:      lightli_arrival_windingriver, layout_loops_cross, item_on_display_a
D:2:      layout_rooms, dreamdust_ecumenical_altar_statues, basic_altar,
          mrwooster_statue_mirror, uniq_natasha, uniq_robin
D:3:      layout_loops_corners, minitemple
D:4:      layout_loops_ring, lemuel_tele_altar
D:5:      minmay_bubble_buster, layout_rooms, uniq_blork_the_orc, uniq_ijyb,
          uniq_duvessa
D:6:      gammafunk_cloud_chamber, layout_basic,
          minmay_temple_entry_enclosed_plants, minmay_lizard_king, uniq_sigmund,
          uniq_edmund
D:7:      layout_cave_pools, serial_glass, glass_columns_a, glass_columns_a,
          glass_columns_c, glass_columns_b, glass_columns_a, glass_columns_b,
          glass_columns_b, glass_columns_a, glass_columns_a, glass_columns_c,
          glass_columns_b, glass_columns_a, glass_columns_b, glass_columns_b,
          feat_on_display
D:8:      nicolae_cairo_tiling_very_big, layout_loops_ring,
          grunt_temple_overflow_diamond, uniq_harold, uniq_joseph, uniq_erica
Temple:   nicolae_temple_x_marks_the_god

Skill      XL: |  1  2  3  4  5  6  7  8  9 |
---------------+----------------------------+-----
Conjurations   | 4 5 6 |  6.0
Spellcasting   | 3 5 6 |  6.0
Necromancy     | 3 6 7 |  7.2
Air Magic      | 3 5 7 |  7.1
Fighting       | 4 |  4.2
Dodging        | |  1.5
Stealth        | |  1.5

Action                   |  1- 3 |  4- 6 |  7- 9 || total
-------------------------+-------+-------+-------++-------
Melee: Unarmed           |    20 |       |       ||    20
       Punch             |     1 |     1 |     2 ||     4
       Spear             |       |    32 |    29 ||    61
 Cast: Magic Dart        |    85 |   100 |    15 ||   200
       Searing Ray       |       |    13 |    67 ||    80
       Corpse Rot        |       |       |     6 ||     6
Evoke: Wand              |       |       |     4 ||     4
  Use: Scroll            |       |       |     4 ||     4
 Stab: Sleeping          |       |     1 |       ||     1
Armor: Robe              |     5 |     7 |    19 ||    31
Dodge: Dodged            |    22 |    22 |    70 ||   114
Block: Other             |       |       |     6 ||     6
